 Dungeon Crawl Stone Soup version 0.23-a0-819-g6debee6 (webtiles) character file.

60482 ohad the Grappler (level 14, -1/136 HPs)
             Began as a Troll Monk on Jan 21, 2019.
             Was a High Priest of Makhleb.
             Slain by a death knight
             ... wielding a +4 battleaxe
              (23 damage)
             ... on level 14 of the Dungeon on Jan 22, 2019.
             The game lasted 00:51:14 (18250 turns).

ohad the Grappler (Troll Monk)                     Turns: 18250, Time: 00:51:15

Health: -1/136     AC: 23    Str: 22    XL:     14   Next: 57%
Magic:  22/22      EV: 16    Int:  6    God:    Makhleb [*****.]
Gold:   701        SH:  0    Dex: 16    Spells: 13/13 levels left

rFire    . . .     SeeInvis .     - Unarmed
rCold    . . .     Gourm    +   (no shield)
rNeg     . . .     Faith    .   X - +0 acid dragon scales
rPois    +         Spirit   .   (helmet restricted)
rElec    .         Reflect  .   x - +2 cloak {rPois}
rCorr    +         Harm     .   (gloves unavailable)
MR       +....                  (boots unavailable)
Stlth    +.........             (no amulet)
HPRegen  0.72/turn              Q - +4 ring of protection
MPRegen  0.18/turn              g - +4 ring of protection

@: drained
A: large, unfitting armour, claws 3, fast metabolism 3, gourmand, regeneration
1, shaggy fur 1, tough skin 3
a: Minor Destruction, Lesser Servant of Makhleb, Major Destruction, Greater
Servant of Makhleb, Renounce Religion


You were on level 14 of the Dungeon.
You worshipped Makhleb.
Makhleb was extremely pleased with you.
You were completely stuffed.

You visited 3 branches of the dungeon, and saw 21 of its levels.

You collected 1361 gold pieces.
You spent 660 gold pieces at shops.

Inventory:

Hand Weapons
 c - a +1 scimitar of flaming
 z - a +0 giant club
 J - a +1 hand axe of distortion
Missiles
 D - 6 tomahawks of returning
 H - 2 throwing nets
 O - 5 large rocks (quivered)
Armour
 a - a +0 robe
 w - a +0 troll leather armour
 x - a +2 cloak of poison resistance (worn)
 E - +0 steam dragon scales
 G - a +1 robe of the Archmagi
 S - a +2 robe of cold resistance
 X - +0 acid dragon scales (worn)
Jewellery
 g - a +4 ring of protection (right claw)
 k - a +5 ring of strength
 K - a +2 ring of intelligence
 M - the ring "Punkumod" {rPois rF+ MR- Str-5 Dex+8, unknown}
   (You found it on level 14 of the Dungeon)

   [ring of protection from fire]

   It affects your strength (-5).
   It affects your dexterity (+8).
   It protects you from fire.
   It protects you from poison.
   It affects your resistance to hostile enchantments.
 Q - a +4 ring of protection (left claw)
Wands
 p - a wand of iceblast (24)
 t - a wand of acid (13)
 u - a wand of random effects (29)
 y - a wand of digging (7)
 I - a wand of polymorph (5)
 L - a wand of flame (25)
 T - a wand of enslavement (9)
 W - a wand of paralysis (11)
Scrolls
 d - 11 scrolls of remove curse
 e - 7 scrolls of enchant armour
 i - 8 scrolls of amnesia
 m - 3 scrolls of fog
 n - 2 scrolls of random uselessness
 q - 6 scrolls of enchant weapon {unknown}
 s - 7 scrolls of teleportation
 v - 3 scrolls of immolation
 F - 2 scrolls of identify
 P - 2 scrolls of acquirement
 R - a scroll of summoning
 Y - a scroll of holy word {unknown}
Potions
 f - 10 potions of curing
 h - 4 potions of ambrosia
 j - 4 potions of degeneration
 l - a potion of cancellation
 o - 4 potions of brilliance
 r - 5 potions of flight
 A - 3 potions of magic
 B - 4 potions of mutation
 C - 2 potions of lignification
 N - a potion of might
Miscellaneous
 U - 2 boxes of beasts
Comestibles
 b - 50 rations
 V - 4 chunks of flesh


   Skills:
 - Level 8.2(8.1) Fighting
 - Level 4.6 Throwing
 + Level 6.5(6.4) Armour
 - Level 10.3(10.2) Dodging
 - Level 1.0(0.9) Stealth
 - Level 14.1(14.0) Unarmed Combat
 - Level 12.0(11.9) Invocations


You had 13 spell levels left.
You didn't know any spells.
Your spell library contained the following spells:

 Spells                   Type           Power        Failure   Level  Hunger
 Animate Skeleton         Necr           N/A          52%         1    ##.....
 Apportation              Tloc           #.....       52%         1    ##.....
 Magic Dart               Conj           #...         52%         1    ##.....
 Pain                     Necr           #...         52%         1    ##.....
 Sting                    Conj/Pois      #...         52%         1    ##.....
 Summon Butterflies       Summ           #.......     52%         1    ##.....
 Blink                    Tloc           N/A          67%         2    ###....
 Call Imp                 Summ           #.......     67%         2    ###....
 Poisonous Vapours        Pois/Air       #.....       67%         2    ###....
 Slow                     Hex            #.......     67%         2    ###....
 Call Canine Familiar     Summ           #.......     88%         3    ####...
 Conjure Flame            Conj/Fire      #.......     88%         3    ####...
 Lesser Beckoning         Tloc           #.........   88%         3    ####...
 Mephitic Cloud           Conj/Pois/Air  #.......     88%         3    ####...
 Recall                   Summ/Tloc      N/A          88%         3    ####...
 Regeneration             Chrm/Necr      #.........   88%         3    ####...
 Tukima's Dance           Hex            #.......     88%         3    ####...
 Vampiric Draining        Necr           #.........   88%         3    ####...
 Animate Dead             Necr           N/A          99%         4    #####..
 Olgreb's Toxic Radiance  Pois           #.......     99%         4    #####..
 Summon Ice Beast         Ice/Summ       #.......     99%         4    #####..
 Alistair's Intoxication  Tmut/Pois      #.......     100%        5    ######.
 Borgnjor's Vile Clutch   Necr/Erth      #.........   100%        5    ######.
 Summon Mana Viper        Hex/Summ       #.......     100%        5    ######.
 Venom Bolt               Conj/Pois      #.........   100%        5    ######.
 Death Channel            Necr           #.........   100%        6    #######
 Invisibility             Hex            #.......     100%        6    #######
 Simulacrum               Ice/Necr       #.........   100%        6    #######
 Summon Hydra             Summ           #.........   100%        7    #######


Dungeon Overview and Level Annotations

Branches:
Dungeon (14/15)            Temple (1/1) D:6            Lair (6/6) D:10
  Swamp (0/4) Lair:3        Snake (0/4) Lair:4        Slime (0/5) Lair:6
    Orc (0/2) D:10         Vaults (0/5) D:13

Altars:
Ashenzari
Cheibriados
Dithmenos
Elyvilon
Fedhas
Gozag
Hepliaklqana
Kikubaaqudgha
Makhleb
Nemelex Xobeh
Okawaru
Qazlal
Ru
Sif Muna
Trog
Uskayaw
Vehumet
Wu Jian
Xom
Yredelemnul
Zin
The Shining One

Shops:
D:7 [   D:8 :   D:12 *

Annotations:
D:10 exclusion: obsidian statue


Innate Abilities, Weirdness & Mutations

You are too large for most types of armour.
You have claws for hands.
Your metabolism is lightning-fast.
You like to eat raw meat.
Your natural rate of healing is unusually fast.
You are covered in fur. (AC +1)
You have extremely tough skin. (AC +3)


Message History

* * * LOW HITPOINT WARNING * * *
You feel yourself speed up.
You scratch the death knight.
The death knight is severely wounded.
The death knight reflects your damage back at you!
The death knight barely misses you.
You see here a scroll labeled ADUFRINT GOCWO.
Y - a scroll labeled ADUFRINT GOCWO The death knight hits you with a +4 battleaxe!
* * * LOW HITPOINT WARNING * * *
The death knight hits you but does no damage.
A demon appears!
The death knight's dark mirror aura disappears.
Unknown command.
Your neqoxec gestures.
You scratch the death knight but do no damage.
The death knight is severely wounded.
Your crimson imp blinks!
The death knight hits you with a +4 battleaxe!!
You die...

........######'#.......#...#.
+####...#....))#.......#...#.
#...#....).#.......#####.
#...##.....#.............
#....#.....#.............
#####.5..#.....#.÷#####..####
..........#.....+..# #..#
##.....§.5#######..# #..#
#........3.p@.....# #..+
#.................# #..#
###.........5.....#####..#
#..............<.......####
#."...#########)...........
#.....+ #............ #.....#
#............ ......
#...#'#####.. #...#.....+..


You could see a death knight, a friendly neqoxec, a friendly crimson imp and a
friendly ufetubus.

Vanquished Creatures
  Josephine (Lair:5)
  A fire dragon (Lair:6)
  2 hydras
  Erica (D:10)
  3 two-headed ogres
  8 death yaks
  Nergalle (D:10)
  A skeletal warrior (D:12)
  An unseen horror (D:10)
  2 swamp dragons
  Pikel (D:5)
  4 ugly things
  2 cyclopes
  18 elephants
  A manticore (D:12)
  6 black mambas
  Joseph (D:8)
  Psyche (D:10)
  A rime drake (Lair:2)
  8 spiny frogs
  A gargoyle (D:13)
  A kobold demonologist (D:12)
  9 komodo dragons
  A freezing wraith (D:14)
  5 trolls
  A merfolk (D:10)
  A hornet (D:12)
  4 slime creatures (D:11)
  19 blink frogs
  8 hippogriffs
  Sigmund (D:3)
  A vampire (D:12)
  A shadow (D:14)
  2 wyverns (D:11)
  8 wraiths
  A basilisk (Lair:3)
  26 yaks
  A basilisk (shapeshifter) (D:13)
  3 hogs
  3 steam dragons
  Menkaure (D:5)
  4 hungry ghosts
  4 vampire mosquitoes (D:12)
  2 nagas (Lair:4)
  2 acid dragons
  2 soldier ants (D:13)
  9 water moccasins
  5 porcupines
  2 swamp drakes (Lair:6)
  2 orc warriors (D:10)
  A phantom (D:3)
  2 ice beasts
  A black bear (D:10)
  A slave (D:5)
  8 sky beasts
  6 ogres
  20 wolves
  5 centaurs
  2 big kobolds (D:9)
  15 crocodiles
  18 bullfrogs
  A wyvern skeleton (D:10)
  2 scorpions
  7 killer bees
  8 wights (D:14)
  2 howler monkeys
  An electric eel (D:14)
  2 jellies
  11 crimson imps
  A bullfrog zombie (D:13)
  2 bullfrog skeletons
  2 centaur zombies
  2 hounds
  4 orc priests
  Crazy Yiuf (D:5)
  11 orc wizards
  4 centaur skeletons
  4 iguanas
  Ijyb (D:3)
  Terence (D:3)
  10 worker ants
  3 hound skeletons
  A hound zombie (D:6)
  A worker ant zombie (D:5)
  9 adders
  7 gnolls
  A shadow imp (D:12)
  2 white imps (D:7)
  7 oozes
  An adder zombie (D:10)
  3 worms
  2 dart slugs
  6 leopard geckos
  52 orcs
  9 giant cockroaches
  8 goblins
  8 hobgoblins
  18 jackals
  16 kobolds
  4 quokkas
  5 bats
  6 frilled lizards
  6 rats
525 creatures vanquished.

Vanquished Creatures (collateral kills)
  Kirke (Lair:6)
  An ettin (D:13)
  3 hydras
  Sonja (Lair:4)
  A phantasmal warrior (D:13)
  An ugly thing (D:11)
  An elephant (Lair:4)
  A komodo dragon (Lair:6)
  A troll (D:13)
  A slime creature (D:11)
  A blink frog (Lair:6)
  A bullfrog (Lair:4)
  A shadow imp (D:14)
  2 orcs (D:11)
  2 butterflies (Lair:4)
  A fungus (Lair:5)
20 creatures vanquished.

Vanquished Creatures (others)
  A rime drake (Lair:6)
  A yak (Lair:6)
  A basilisk (Lair:3)
  An iguana (Lair:3)
  7 fungi (Lair:6)
  5 plants (Lair:6)
16 creatures vanquished.

Grand Total: 561 creatures vanquished

Notes
Turn   | Place    | Note
-------+----------+-------------------------------------------
     0 | D:1      | ohad the Troll Monk began the quest for the Orb.
     0 | D:1      | Reached XP level 1. HP: 22/22 MP: 0/0
   261 | D:1      | Reached XP level 2. HP: 29/29 MP: 1/1
   694 | D:1      | Reached skill level 4 in Unarmed Combat
   912 | D:1      | Reached XP level 3. HP: 36/36 MP: 2/2
  1118 | D:2      | Noticed a sky beast
  1129 | D:2      | Killed a sky beast
  1129 | D:2      | Reached skill level 5 in Unarmed Combat
  1129 | D:2      | Reached XP level 4. HP: 19/44 MP: 3/3
  1398 | D:2      | Reached XP level 5. HP: 46/50 MP: 4/4
  1657 | D:3      | Noticed Sigmund
  1661 | D:3      | Killed Sigmund
  1661 | D:3      | Reached skill level 7 in Unarmed Combat
  1661 | D:3      | Reached XP level 6. HP: 57/59 MP: 5/5
  1706 | D:3      | Noticed Terence
  1714 | D:3      | Killed Terence
  2091 | D:3      | Reached skill level 8 in Unarmed Combat
  2175 | D:3      | Reached XP level 7. HP: 66/66 MP: 6/6
  2361 | D:3      | Noticed Ijyb
  2370 | D:3      | Killed Ijyb
  2892 | D:5      | Entered Level 5 of the Dungeon
  3210 | D:5      | Reached skill level 9 in Unarmed Combat
  3332 | D:5      | Found a runed door.
  3336 | D:5      | Noticed Crazy Yiuf
  3340 | D:5      | Killed Crazy Yiuf
  3377 | D:5      | Noticed Pikel
  3400 | D:5      | Killed Pikel
  3400 | D:5      | Reached skill level 10 in Unarmed Combat
  3400 | D:5      | Reached XP level 8. HP: 72/74 MP: 7/7
  3552 | D:5      | Noticed Menkaure
  3557 | D:5      | Killed Menkaure
  3776 | D:6      | Reached skill level 11 in Unarmed Combat
  3872 | D:6      | Found a staircase to the Ecumenical Temple.
  4044 | Temple   | Entered the Ecumenical Temple
  4289 | Temple   | Became a worshipper of Makhleb the Destroyer
  4289 | Temple   | Reached * piety under Makhleb
  4289 | Temple   | Reached ** piety under Makhleb
  4372 | D:6      | Reached skill level 1 in Invocations
  4653 | D:6      | Found a hazy altar of Hepliaklqana.
  4837 | D:7      | Found a sacrificial altar of Ru.
  4840 | D:7      | Found a hide-covered altar of Uskayaw.
  4843 | D:7      | Found a glowing silver altar of Zin.
  4913 | D:7      | Reached XP level 9. HP: 80/80 MP: 10/10
  5153 | D:7      | Found a basalt altar of Yredelemnul.
  5157 | D:7      | Found an iron altar of Okawaru.
  5301 | D:7      | Found Mitiam's Antique Armour Boutique.
  5392 | D:7      | Found an opulent altar of Gozag.
  5530 | D:8      | Noticed Joseph
  5538 | D:8      | Killed Joseph
  5538 | D:8      | Reached skill level 12 in Unarmed Combat
  6134 | D:8      | Found Fueras's Book Shoppe.
  6760 | D:9      | Found a shimmering altar of Xom.
  6761 | D:9      | Found a shimmering altar of Xom.
  6762 | D:9      | Found a shimmering altar of Xom.
  7025 | D:9      | Reached skill level 5 in Dodging
  7119 | D:9      | Noticed a two-headed ogre
  7135 | D:9      | Killed a two-headed ogre
  7135 | D:9      | Reached XP level 10. HP: 84/88 MP: 12/12
  7254 | D:10     | Entered Level 10 of the Dungeon
  7255 | D:10     | Noticed an obsidian statue
  7268 | D:10     | Noticed Nergalle
  7288 | D:10     | Killed Nergalle
  7321 | D:10     | Reached skill level 1 in Armour
  7378 | D:10     | Found a staircase to the Lair.
  7483 | D:10     | Reached *** piety under Makhleb
  7498 | D:10     | Noticed Psyche
  7500 | D:10     | Killed Psyche
  7555 | D:10     | Reached skill level 5 in Armour
  7613 | D:10     | Found a staircase to the Orcish Mines.
  7707 | D:10     | Noticed a two-headed ogre
  7708 | D:10     | Noticed Erica
  7720 | D:10     | Killed a two-headed ogre
  7720 | D:10     | Reached XP level 11. HP: 94/101 MP: 13/13
  7733 | D:10     | Killed Erica
  7733 | D:10     | Reached skill level 5 in Fighting
  8113 | D:10     | Killed an unseen horror
  8784 | D:11     | Noticed a green ugly thing
  8798 | D:11     | Killed a green ugly thing
  8923 | D:11     | Noticed a cyan ugly thing
  8941 | D:11     | Killed a cyan ugly thing
  9041 | D:12     | Reached **** piety under Makhleb
  9136 | D:12     | Noticed a skeletal warrior
  9141 | D:12     | Noticed a white ugly thing
  9151 | D:12     | Noticed a sun demon
  9162 | D:12     | Noticed a centaur warrior
  9163 | D:12     | Noticed a deep elf mage
  9412 | D:11     | HP: 4/110 [white ugly thing (23)]
  9432 | D:11     | Killed a white ugly thing
  9690 | D:12     | Found Loaroent's General Store.
  9713 | D:12     | Bought a +4 ring of protection for 540 gold pieces
  9713 | D:12     | Bought a scroll of teleportation for 45 gold pieces
  9713 | D:12     | Bought a scroll of identify for 30 gold pieces
  9713 | D:12     | Bought a potion of curing for 45 gold pieces
  9791 | D:12     | Reached skill level 13 in Unarmed Combat
  9889 | D:12     | Killed a skeletal warrior
  9923 | D:12     | Reached XP level 12. HP: 119/119 MP: 14/14
  9971 | D:12     | Noticed a two-headed ogre
  9978 | D:12     | Killed a two-headed ogre
 10009 | D:12     | Reached skill level 14 in Unarmed Combat
 10294 | D:11     | Reached skill level 1 in Throwing
 10363 | Lair:1   | Entered Level 1 of the Lair of Beasts
 10503 | Lair:1   | Reached ***** piety under Makhleb
 10886 | Lair:1   | Upgraded the game from 0.23-a0-814-g91b4073 to
                  | 0.23-a0-819-g6debee6
 11191 | Lair:2   | Reached skill level 5 in Invocations
 11764 | Lair:2   | Found a dark tunnel.
 12054 | Lair:3   | Found a staircase to the Swamp.
 12333 | Lair:3   | Reached XP level 13. HP: 127/127 MP: 18/18
 12983 | Lair:4   | Noticed Sonja
 13069 | Lair:4   | Killed Sonja
 13313 | Lair:4   | Found a staircase to the Snake Pit.
 13882 | Lair:5   | Noticed Josephine
 13892 | Lair:5   | Killed Josephine
 13892 | Lair:5   | Reached skill level 10 in Invocations
 14815 | Lair:6   | Entered Level 6 of the Lair of Beasts
 15040 | Lair:6   | Noticed Kirke
 15228 | Lair:6   | Identified 2 scrolls of acquirement
 15416 | Lair:6   | Found a staircase to the Slime Pits.
 15431 | Lair:6   | Reached XP level 14. HP: 135/136 MP: 22/22
 15514 | Lair:6   | Found a shadowy altar of Dithmenos.
 15921 | Lair:6   | Killed Kirke
 16256 | Lair:6   | Reached skill level 10 in Dodging
 17451 | D:13     | Found a gate to the Vaults.
 17764 | D:14     | Got a steaming lapis lazuli ring
 18250 | D:14     | Slain by a death knight

Vault maps used:
D:1:      erik_arrival_triangle_medium, serial_forest,
          infiniplex_forest_clump_diagonal, infiniplex_forest_zigzag_1,
          infiniplex_forest_zigzag_1, infiniplex_forest_diagonal,
          infiniplex_forest_lined_2, infiniplex_forest_lined_2
D:3:      uniq_ijyb, uniq_terence, uniq_sigmund
D:4:      first_ration, serial_column_ruins, column_ruins_hut,
          column_ruins_grid_1, column_ruins_columns_corner,
          column_ruins_columns_plus, column_ruins_open_tiny,
          column_ruins_columns_straight, minivault_26
D:5:      minmay_strange_pillars, uniq_menkaure, uniq_crazy_yiuf_cottage,
          uniq_pikel
D:6:      marbit_many_paths, temple_pool_b
D:7:      kennysheep_mini, grunt_temple_overflow_diamond, minitemple,
          serial_shops, shop, minmay_nine_imps
D:8:      serial_shops, shop, uniq_joseph
D:9:      xom_redecorated
D:10:     erik_lair_dragon, david_orc_2, enter_bailey_3, hangedman_fish_farm,
          minmay_protected_statue, uniq_nergalle, uniq_psyche, uniq_erica
D:12:     kennysheep_blocky_room, serial_shops, nicolae_shop_crystal
D:13:     david_vaults_4, st_stairs_1
D:14:     nicolae_water_bricks
Temple:   eino_temple_water
Lair:1:   grunt_megastairs_5, lemuel_fruit_fields, lemuel_fruit_tree,
          serial_bayou_shore_a
Lair:2:   nicolae_volcano_entry_s_turn
Lair:3:   minmay_swamp_entry_reptiles, infiniplex_staircase_pool_2
Lair:4:   guppyfry_snake_entry_garden, lemuel_fruit_fields, grunt_megastairs_1,
          uniq_sonja
Lair:5:   uniq_josephine
Lair:6:   guppyfry_lair_end_dragon, nicolae_slime_entry_slimehenge, basic_altar,
          uniq_kirke

Skill      XL: |  1  2  3  4  5  6  7  8  9 10 11 12 13 14 |
---------------+-------------------------------------------+-----
Unarmed Combat | 4 5 7 8 10 11 12 13 14 | 14.1
Invocations    | 3 4 8 12 | 12.0
Dodging        | 6 7 8 10 | 10.3
Armour         | 5 6 |  6.5
Fighting       | 4 7 8 |  8.2
Throwing       | 4 |  4.6
Stealth        | |  1.0

Action                   |  1- 3 |  4- 6 |  7- 9 | 10-12 | 13-15 || total
-------------------------+-------+-------+-------+-------+-------++-------
Melee: Unarmed           |    89 |   103 |   245 |   661 |   670 ||  1768
       Punch             |     1 |     6 |    18 |    62 |    57 ||   144
Throw: Large rock        |       |       |       |       |    12 ||    12
Invok: Lesser Servant of |       |       |       |     3 |     9 ||    12
       Greater Servant o |       |       |       |       |     3 ||     3
  Use: Scroll            |       |       |     6 |    14 |     6 ||    26
       Potion            |       |       |       |     5 |     2 ||     7
 Stab: Sleeping          |     2 |     3 |     4 |     2 |     3 ||    14
       Distracted        |       |       |       |     1 |     3 ||     4
  Eat: Chunk             |    14 |    11 |    44 |    64 |    57 ||   190
Armor: Robe              |    34 |    24 |    88 |     8 |       ||   154
       Steam dragon scal |       |       |       |   265 |   242 ||   507
       Acid dragon scale |       |       |       |       |    94 ||    94
Dodge: Dodged            |    43 |    32 |   102 |   422 |   574 ||  1173

Table legend:
 A = Non-vault XP
 B = Vault XP
 C = Vault XP percentage of total XP
 D = Non-vault monster count
 E = Vault monster count
 F = Vault count percentage of total count
                 A         B        C        D         E       F
            +---------+---------+-------+---------+---------+-------
      Total |   66416 |   19987 |  23.1 |     461 |      81 |  14.9
            +---------+---------+-------+---------+---------+-------
        D:1 |      41 |       0 |   0.0 |      24 |       0 |   0.0
        D:2 |     170 |       0 |   0.0 |      16 |       0 |   0.0
        D:3 |     287 |     299 |  51.0 |      44 |       3 |   6.4
        D:4 |     136 |       0 |   0.0 |       7 |       0 |   0.0
        D:5 |     302 |     829 |  73.3 |      17 |       3 |  15.0
        D:6 |     581 |      37 |   6.0 |      18 |       1 |   5.3
        D:7 |     463 |     360 |  43.7 |      10 |       9 |  47.4
        D:8 |     656 |     439 |  40.1 |      12 |       1 |   7.7
        D:9 |    1555 |       0 |   0.0 |      20 |       0 |   0.0
       D:10 |    3569 |    3731 |  51.1 |      30 |      19 |  38.8
       D:11 |    4647 |     446 |   8.8 |      29 |       1 |   3.3
       D:12 |    4123 |    2864 |  41.0 |      37 |       7 |  15.9
       D:13 |    3949 |    2500 |  38.8 |      24 |       7 |  22.6
       D:14 |    2942 |       0 |   0.0 |      19 |       0 |   0.0
     Lair:1 |    4215 |      88 |   2.0 |      24 |       1 |   4.0
     Lair:2 |    3344 |      84 |   2.5 |      14 |       1 |   6.7
     Lair:3 |    6695 |     788 |  10.5 |      27 |       2 |   6.9
     Lair:4 |    3512 |    1147 |  24.6 |      16 |       4 |  20.0
     Lair:5 |   11493 |    1900 |  14.2 |      32 |       5 |  13.5
     Lair:6 |   13736 |    4475 |  24.6 |      41 |      17 |  29.3
            +---------+---------+-------+---------+---------+-------
